 Dungeon Crawl Stone Soup version 0.30-a0-852-g08b95dd62f (webtiles) character file.

Game seed: 16166971360894680217

402 BubbleThief the Grave Robber (level 6, -1/47 HPs)
             Began as a Demonspawn Necromancer on Mar 5, 2023.
             Slain by a human zombie (4 damage)
             ... in an ossuary.
             The game lasted 00:06:22 (3902 turns).

BubbleThief the Grave Robber (DsNe)                 Turns: 3902, Time: 00:06:22

Health: -1/47      AC: 10    Str:  9    XL:     6   Next: 55%
Magic:  11/11      EV: 11    Int: 16    God:
Gold:   104        SH:  0    Dex: 15    Spells: 8/12 levels left

rFire   + . .      SeeInvis .    m - +0 short sword
rCold   . . .      Faith    .    (no shield)
rNeg    . . .      Spirit   .    o - +2 leather armour of the Forest {rF+}
rPois   .          Reflect  .    k - +0 helmet
rElec   .          Rampage  .    (no cloak)
rCorr   .                        (no gloves)
Will    .....                    (no boots)
Stlth   ++                       (no amulet)
HPRegen 0.27/turn                t - +4 ring of protection
MPRegen 0.12/turn                (no ring)

@: no status effects
A: hooves 1, ignite blood 1, powered by death 1
a: no special abilities


You were in an ossuary.
You visited 1 branch of the dungeon, and saw 4 of its levels.
You also visited: Ossuary.

You collected 104 gold pieces.

Inventory:

Hand Weapons
 c - a +0 mace
 m - a +0 short sword (weapon)
Armour
 a - a +0 robe
 k - a +0 helmet (worn)
 o - the +2 leather armour of the Forest (worn) {rF+}
   (You found it on level 2 of the Dungeon)

   rF:        It protects you from fire.
Jewellery
 t - a +4 ring of protection (left hand)
Scrolls
 d - 2 scrolls of identify
 e - 3 scrolls of teleportation
 g - 2 scrolls of amnesia
 l - a scroll of vulnerability {unknown}
 p - a scroll of immolation {unknown}
 q - a scroll of enchant armour {unknown}
 r - a scroll of silence {unknown}
 v - a scroll of blinking {unknown}
Potions
 b - a potion of magic
 f - a potion of curing
 h - a potion of degeneration
 i - a potion of lignification {unknown}
 n - a potion of berserk rage {unknown}
 s - 2 potions of mutation
 u - a potion of flight


   Skills:
 + Level 3.0 Fighting
 - Level 1.7 Dodging
 - Level 1.7 Stealth
 - Level 3.6 Spellcasting
 - Level 6.9 Necromancy


You had 8 spell levels left.
You knew the following spells:

 Your Spells              Type           Power      Damage    Failure   Level
a - Necrotise             Necr           100%       1d9       1%          1
b - Vampiric Draining     Necr           25%        2d7       4%          3

Your spell library contained the following spells:

 Spells                   Type           Power      Damage    Failure   Level
 Animate Dead             Necr           25%        N/A       14%         4
 Agony                    Necr           25%        N/A       36%         5
 Mephitic Cloud           Conj/Pois/Air  2%         N/A       58%         3
 Alistair's Intoxication  Tmut/Pois      1%         N/A       100%        5
 Lightning Bolt           Conj/Air       1%         1d12      100%        5


Dungeon Overview and Level Annotations

Branches:
Dungeon (4/15)            Ossuary (1/1)
 Temple: D:4-7

Altars:
Fedhas
Xom


Innate Abilities, Weirdness & Mutations

You have large cloven feet.
Your demonic aura sometimes causes spilled blood to erupt in flames.
You regenerate a little health from kills.


Message History

You hit the human zombie.
You kick the human zombie, but do no damage.
The human zombie is moderately damaged.
The human zombie hits you but does no damage.
You hit the human zombie. You kick the human zombie.
The human zombie is heavily damaged.
The human zombie hits you.
* * * LOW HITPOINT WARNING * * *
You barely miss the human zombie.
The human zombie is heavily damaged.
The human zombie barely misses you.
You hit the human zombie.
You kick the human zombie, but do no damage.
The human zombie is heavily damaged.
The human zombie hits you.
* * * LOW HITPOINT WARNING * * *
You hit the human zombie.
You kick the human zombie, but do no damage.
The human zombie is heavily damaged.
You hit the human zombie.
The human zombie is severely damaged.
The human zombie hits you but does no damage.
You hit the human zombie.
The human zombie is severely damaged.
The human zombie closely misses you.
You hit the human zombie.
The human zombie is severely damaged.
The human zombie hits you.
* * * LOW HITPOINT WARNING * * *
You hit the human zombie.
You kick the human zombie, but do no damage.
The human zombie is almost destroyed.
The human zombie hits you but does no damage.
You hit the human zombie. Your kick misses the human zombie.
You punch the human zombie.
The human zombie is almost destroyed.
You hit the human zombie. You kick the human zombie.
The human zombie is almost destroyed.
The human zombie hits you.
You die...

### ###.###
##.....##
#.......#
#.......#
#.......#
##..@..##
###Z### #Z#
###.###
##.....##
#.......#
##...∩...##
+...∩∩∩...+
##...∩...##


You could see a centaur zombie and a human zombie.

Vanquished Creatures
  A scorpion (D:4)
  A howler monkey (D:3)
  2 centaur zombies (Ossuary)
  2 human zombies (Ossuary)
  2 mummies (Ossuary)
  3 adders
  3 gnolls (D:3)
  A river rat (D:3)
  4 dart slugs
  4 orcs
  5 ball pythons
  2 bats (D:2)
  8 endoplasms
  6 giant cockroaches
  5 hobgoblins
  6 jackals (D:2)
  6 kobolds
  4 frilled lizards
  4 goblins
  11 rats
80 creatures vanquished.

Vanquished Creatures (collateral kills)
  A kobold (D:3)
  A frilled lizard (D:2)
2 creatures vanquished.

Grand Total: 82 creatures vanquished

Notes
Turn   | Place    | Note
-------+----------+-------------------------------------------
     0 | D:1      | BubbleThief the Demonspawn Necromancer began the quest for
                  | the Orb.
     0 | D:1      | Reached XP level 1. HP: 13/13 MP: 3/3
   307 | D:1      | Gained mutation: Your demonic aura sometimes causes spilled
                  | blood to erupt in flames. [demonic ancestry]
   307 | D:1      | Reached XP level 2. HP: 19/19 MP: 3/5
   868 | D:1      | Reached skill level 5 in Necromancy
  1287 | D:2      | Gained mutation: You regenerate a little health from kills.
                  | [demonic ancestry]
  1287 | D:2      | Reached XP level 3. HP: 24/24 MP: 4/6
  1466 | D:2      | Identified the +2 leather armour of the Forest {rF+}
  1671 | D:2      | Found a faded altar of an unknown god.
  1882 | D:2      | Found a blossoming altar of Fedhas.
  1927 | D:2      | Learned a level 3 spell: Vampiric Draining
  2365 | D:3      | Reached XP level 4. HP: 30/30 MP: 2/8
  2432 | D:3      | Reached skill level 6 in Necromancy
  2608 | D:3      | Discovered your monstrous ancestry.
  2608 | D:3      | Gained mutation: You have large cloven feet. [demonic
                  | ancestry]
  2608 | D:3      | Reached XP level 5. HP: 35/35 MP: 0/9
  2728 | D:3      | Got the Quarto of Intoxicating Concussion
  3517 | D:4      | Found a shimmering altar of Xom.
  3583 | D:4      | Found a sand-covered staircase.
  3595 | Ossuary  | Entered an ossuary
  3633 | Ossuary  | Reached skill level 1 in Fighting
  3633 | Ossuary  | Reached XP level 6. HP: 38/43 MP: 11/11
  3672 | Ossuary  | HP: 1/43 [centaur zombie (2)]
  3895 | Ossuary  | HP: 2/47 [human zombie (5)]
  3902 | Ossuary  | Slain by a human zombie

Illustrated notes

Levels and vault maps discovered:
D:1:      scummos_arrival_star, layout_basic, hex_intersection, minivault_4,
          serial_bayou_ford_a
D:2:      layout_loops_cross, nicolae_ecumenical_oubliette, basic_altar
D:3:      layout_basic, portal_sewer_entry_a
D:4:      layout_gridville, mainiacjoe_overflow_chevrons,
          nicolae_ossuary_entry_ruins, grunt_decor_cap
Ossuary:  ossuary_minmay_four_chambers

Skill      XL: |  1  2  3  4  5  6 |
---------------+-------------------+-----
Necromancy     | 5 6 |  6.9
Spellcasting   | 3 |  3.6
Fighting       | 1 3 |  3.0
Dodging        | |  1.7
Stealth        | |  1.7

Action                     |  1- 3 |  4- 6 || total
---------------------------+-------+-------++-------
  Melee: Mace              |    18 |       ||    18
         Short sword       |    10 |   126 ||   136
         Kick              |       |    55 ||    55
         Punch             |       |     3 ||     3
   Cast: Necrotise         |    78 |    52 ||   130
    Use: Scroll            |       |     7 ||     7
         Potion            |       |     1 ||     1
 Armour: Robe              |     7 |       ||     7
         Leather armour    |     6 |    73 ||    79
  Dodge: Dodged            |    30 |    88 ||   118

Table legend: (Time is in decaauts)
 A = Elapsed time spent in this place.
 B = Non-inter-level travel time spent in this place.
 C = Inter-level travel time spent in this place.
 D = Time resting spent in this place.
 E = Time spent auto-exploring this place.
 F = Levels seen in this place.
 G = Mean time per level.
                   A        B        C        D        E       F      G
               +--------+--------+--------+--------+--------+-----+--------+
         Total |   3911 |   3864 |     47 |    115 |   3162 |   5 |  782.2 |
       Dungeon |   3604 |   3557 |     47 |      0 |   3136 |   4 |  901.0 |
       Ossuary |    306 |    306 |      0 |    115 |     26 |   1 |  306.0 |
               +--------+--------+--------+--------+--------+-----+--------+

Top non-repeatable levels by time:
     D:3: 1207 daAuts
     D:1: 1136 daAuts
     D:2: 1100 daAuts
 Ossuary: 306 daAuts
     D:4: 160 daAuts
